 Dungeon Crawl Stone Soup version 0.32-a0-673-g3729bd50f8 (webtiles) character file.

Game seed: 17234455084879880612

106 cforsyth the Grave Robber (level 4, -9/38 HPs)
             Began as a Mountain Dwarf Necromancer on Mar 11, 2024.
             Mangled by an iguana (12 damage)
             ... on level 3 of the Dungeon.
             The game lasted 00:03:56 (2370 turns).

cforsyth the Grave Robber (MDNe)                    Turns: 2370, Time: 00:03:57

Health: -9/38      AC:  6    Str: 13    XL:     4   Next: 55%
Magic:  0/6        EV:  9    Int: 15    God:
Gold:   76         SH:  0    Dex: 10    Spells: 5/6 levels left

rFire   . . .        (no weapon)
rCold   . . .        (no shield)
rNeg    . . .        d - +0 scale mail
rPois   .            (no helmet)
rElec   .            (no cloak)
rCorr   .            (no gloves)
SInv    .            (no boots)
Will    .....        (no amulet) Stlth
                     (no ring)
HPRegen 0.26/turn    (no ring)
MPRegen 0.10/turn

%: no passive effects
@: no status effects
A: runic magic, artefact enchanting
a: no special abilities


You were on level 3 of the Dungeon.
You visited 1 branch of the dungeon, and saw 3 of its levels.

You collected 76 gold pieces.


Innate Abilities, Weirdness & Mutations

Your spellcasting is much less encumbered by armour.
You can use scrolls of enchantment on lesser artefacts.


   Skills:
 + Level 3.2 Fighting
 - Level 1.3 Dodging
 - Level 1.4 Stealth
 - Level 1.7 Spellcasting
 + Level 5.6 Necromancy


You had 5 spell levels left.
You knew the following spells:

 Your Spells              Type           Power      Damage    Failure   Level
X - Necrotise             Necr           72%        1d7       3%          1

Your spell library contained the following spells:

 Spells                   Type           Power      Damage    Failure   Level
 Vampiric Draining        Necr           18%        2d7       10%         3
 Animate Dead             Necr           18%        N/A       32%         4
 Curse of Agony           Necr           18%        N/A       67%         5
 Call Canine Familiar     Summ           1%         N/A       69%         3
 Sigil of Binding         Hex            1%         N/A       69%         3
 Tukima's Dance           Hex            1%         N/A       69%         3
 Dimensional Bullseye     Hex/Tloc       0%         N/A       97%         4
 Iskenderun's Mystic Bla  Conj/Tloc      1%         2d3       97%         4

Inventory:

Armour
 a - a +0 robe
 d - a +0 scale mail (worn)
Magical Staves
 j - a staff of conjuration {!a}
Scrolls
 c - a scroll of fog {unknown}
 f - a scroll of identify {unknown}
 h - a scroll of vulnerability {unknown}
 i - a scroll of poison {unknown}
 k - a scroll of silence {unknown}
 m - 2 scrolls of enchant weapon {unknown}
Potions
 b - a potion of magic
 e - a potion of invisibility {unknown}
 g - 3 potions of attraction {unknown}
 l - a potion of haste {unknown}
 n - a potion of curing {unknown}
 o - a potion of brilliance {unknown}

Dungeon Overview and Level Annotations

Branches:
Dungeon (3/15)

Altars:

#########
#....@..#
#....l..#
#....Z..#
#.......#
#.......#
#....)..#
#####(###
#.## #..#
.


You could see an iguana (ally target) and a friendly orc skeleton.


Message History

You are out of magic!
You are out of magic!
You are out of magic!
Your orc skeleton barely misses the iguana.
The iguana bites your orc skeleton!
Your orc skeleton is destroyed!
You see here 4 stones.
You see here a +0 club.
The iguana hisses menacingly.
The iguana writhes in agony.
You hit the iguana but do no damage.
The iguana is severely wounded.
The iguana bites you!
* * * LOW HITPOINT WARNING * * *
You hit the iguana but do no damage.
The iguana is severely wounded.
The iguana bites you!
* * * LOW HITPOINT WARNING * * *
You hit the iguana but do no damage.
The iguana is severely wounded.
The iguana bites you.
* * * LOW HITPOINT WARNING * * *
Unknown command.
Casting: Necrotise (safe; 3% risk of failure)
Confirm with . or Enter, or press ? or * to list all spells.
Aiming: Necrotise (safe; 3% risk of failure)
Press: ? - help, Shift-Dir - straight line, f/p - iguana
Aim: an iguana (severely wounded, ally target, chance to affect: 83%)
The iguana writhes in agony.
The iguana bites you!
You die...

Skill      XL: |  1  2  3  4 |
---------------+-------------+-----
Fighting       | 1 2 3 |  3.2
Necromancy     | 5 |  5.6
Dodging        | |  1.3
Stealth        | |  1.4
Spellcasting   | |  1.7

Action                     |  1- 3 |  4- 6 || total
---------------------------+-------+-------++-------
  Melee: Unarmed           |    48 |     3 ||    51
   Cast: Necrotise         |    69 |    34 ||   103
 Armour: Robe              |    16 |       ||    16
         Scale mail        |    51 |    31 ||    82
  Dodge: Dodged            |    29 |    11 ||    40

Levels and vault maps discovered:
D:1:      orjb1_lava_funnel, layout_loops_ring
D:2:      layout_loops_cross, grunt_ministairs_1
D:3:      layout_rooms, gammafunk_ghost_smash

Notes
Turn   | Place    | Note
-------+----------+-------------------------------------------
     0 | D:1      | cforsyth the Mountain Dwarf Necromancer began the quest for
                  | the Orb.
     0 | D:1      | Reached XP level 1. HP: 14/14 MP: 3/3
   158 | D:1      | Reached skill level 1 in Fighting
   275 | D:1      | Reached XP level 2. HP: 23/23 MP: 0/4
   965 | D:2      | Reached skill level 2 in Fighting
  1020 | D:2      | Reached skill level 5 in Necromancy
  1020 | D:2      | Reached XP level 3. HP: 29/29 MP: 2/5
  1623 | D:2      | Reached XP level 4. HP: 30/37 MP: 0/6
  1902 | D:2      | Reached skill level 3 in Fighting
  2369 | D:3      | HP: 3/38 [iguana (6)]
  2370 | D:3      | Mangled by an iguana

Vanquished Creatures
  2 gnolls (D:2)
  3 adders (D:2)
  5 orcs (D:3)
  6 bats
  4 endoplasms
  2 giant cockroaches
  4 goblins
  4 hobgoblins
  4 jackals (D:2)
  A quokka (D:1)
  3 ball pythons
  5 frilled lizards
  6 kobolds
  2 rats (D:2)
51 creatures vanquished.

Vanquished Creatures (collateral kills)
  An endoplasm (D:2)
  A goblin (D:2)
2 creatures vanquished.

Grand Total: 53 creatures vanquished

Table legend: (Time is in decaauts)
 A = Elapsed time spent in this place.
 B = Non-inter-level travel time spent in this place.
 C = Inter-level travel time spent in this place.
 D = Time resting spent in this place.
 E = Time spent auto-exploring this place.
 F = Levels seen in this place.
 G = Mean time per level.
                   A        B        C        D        E       F      G
               +--------+--------+--------+--------+--------+-----+--------+
         Total |   2371 |   2322 |     49 |    127 |   1804 |   3 |  790.3 |
       Dungeon |   2371 |   2322 |     49 |    127 |   1804 |   3 |  790.3 |
               +--------+--------+--------+--------+--------+-----+--------+

Top non-repeatable levels by time:
     D:2: 1179 daAuts
     D:1: 992 daAuts
     D:3: 199 daAuts

Table legend:
 A = Non-vault XP
 B = Vault XP
 C = Vault XP percentage of total XP
 D = Non-vault monster count
 E = Vault monster count
 F = Vault count percentage of total count
                 A         B        C        D         E       F
            +---------+---------+-------+---------+---------+-------
      Total |     139 |      13 |   8.6 |      52 |       1 |   1.9
            +---------+---------+-------+---------+---------+-------
        D:1 |      29 |       0 |   0.0 |      18 |       0 |   0.0
        D:2 |      86 |      13 |  13.1 |      24 |       1 |   4.0
        D:3 |      24 |       0 |   0.0 |      10 |       0 |   0.0
            +---------+---------+-------+---------+---------+-------
